 Dungeon Crawl Stone Soup version 0.31-a0-524-g2a164cf6a2 (webtiles) character file.

Game seed: 6757500310173798701

812 AdnanSaban the Cudgeller (level 7, -7/44 HPs)
             Began as a Gargoyle Fighter on Aug 12, 2023.
             Was a Follower of Okawaru.
             Mangled by an ice beast (12 damage)
             ... on level 6 of the Dungeon.
             The game lasted 00:05:00 (5841 turns).

AdnanSaban the Cudgeller (Gargoyle Fighter)         Turns: 5841, Time: 00:05:00

Health: -7/44      AC: 20    Str: 22    XL:     7   Next: 93%
Magic:  7/7        EV:  6    Int:  8    God:    Okawaru [*.....]
Gold:   427        SH:  4    Dex:  9    Spells: 6/6 levels left

rFire   . . .        a - +0 flail
rCold   . . .        c - +0 buckler
rNeg    + . .        A - +0 plate armour
rPois   ∞            n - +0 helmet
rElec   +            (no cloak)
rCorr   .            r - +0 pair of gloves
SInv    .            w - +0 pair of boots
Will    .....        (no amulet) Stlth
                     (no ring)
HPRegen 0.27/turn    (no ring)
MPRegen 0.10/turn

%: no passive effects
@: no status effects
A: sickness immunity, AC +4, negative energy resistance 1, electricity
resistance, torment resistance 1, petrification resistance
a: Renounce Religion, Heroism


You were on level 6 of the Dungeon.
You worshipped Okawaru.
Okawaru was aware of your devotion.
You visited 1 branch of the dungeon, and saw 6 of its levels.
You also visited: Sewer.

You collected 427 gold pieces.

Inventory:

Hand Weapons
 a - a +0 flail (weapon)
Missiles
 p - 3 poisoned darts
 q - a throwing net
Armour
 c - a +0 buckler (worn)
 n - a +0 helmet (worn)
 r - a +0 pair of gloves (worn)
 w - a +0 pair of boots (worn)
 A - a +0 plate armour (worn)
Jewellery
 b - the ring "Luohavol" {rC+ Int-5 Dex+7 SInv}
   (You found it on level 6 of the Dungeon)

   [ring of see invisible]

   Int-5:     It affects your intelligence (-5).
   Dex+7:     It affects your dexterity (+7).
   rC+:       It protects you from cold.
   SInv:      It lets you see invisible.
Wands
 v - a wand of roots (12)
 y - a wand of flame (13)
Scrolls
 e - a scroll of vulnerability {unknown}
 f - 3 scrolls of enchant armour {unknown}
 g - 5 scrolls of identify {unknown}
 h - 7 scrolls of teleportation
 k - a scroll of immolation {unknown}
 l - a scroll of revelation {unknown}
 s - a scroll of poison {unknown}
 t - 2 scrolls of brand weapon {unknown}
 u - 3 scrolls of summoning {unknown}
Potions
 d - 2 potions of might
 i - 4 potions of curing {unknown}
 j - a potion of magic {unknown}
 m - a potion of invisibility {unknown}
 o - 5 potions of enlightenment
 x - a potion of degeneration {unknown}
 z - a potion of resistance {unknown}


   Skills:
 + Level 5.0 Fighting
 + Level 5.6 Maces & Flails
 + Level 5.3 Armour
 + Level 1.6 Dodging
 + Level 1.1 Stealth
 + Level 4.7 Shields


You had 6 spell levels left.
You didn't know any spells.
Your spell library contained the following spells:

 Spells                   Type           Power      Damage    Failure   Level
 Necrotise                Necr           0%         1d4       100%        1
 Vampiric Draining        Necr           0%         2d6       100%        3
 Agony                    Necr           0%         N/A       100%        5


Dungeon Overview and Level Annotations

Branches:
Dungeon (6/15)              Sewer (visited)
 Temple: D:4-7

Altars:
Ashenzari
Fedhas
Gozag
Hepliaklqana
Okawaru
Ru
Uskayaw
Vehumet

Annotations:
D:3 2 transporters, Gargoyl's ghost, amateur GrBe
D:5 1 runed translucent door, Crazy Yiuf


Innate Abilities, Weirdness & Mutations

You are immune to sickness and miasma.
Your stone body is resilient. (AC +4)
You are immune to poison.
You resist negative energy. (rN+)
You are resistant to electric shocks. (rElec)
You are resistant to unholy torment.
You are immune to petrification.


Message History

You are too injured to fight recklessly!
You are too injured to fight recklessly!
You are too injured to fight recklessly!
You are too injured to fight recklessly!
You are too injured to fight recklessly!
You are too injured to fight recklessly!
You are too injured to fight recklessly!
You hit the ice beast.
The ice beast is heavily wounded.
The ice beast hits you but does no damage. x2
You closely miss the ice beast.
The ice beast is heavily wounded.
The ice beast hits you but does no damage.
You hit the ice beast but do no damage.
The ice beast is heavily wounded.
The ice beast barely misses you.
You closely miss the ice beast.
The ice beast is heavily wounded.
The ice beast hits you but does no damage.
You barely miss the ice beast.
The ice beast is heavily wounded.
The ice beast hits you but does no damage.
You hit the ice beast but do no damage.
The ice beast is heavily wounded.
The ice beast hits you but does no damage.
You sock the ice beast!
The ice beast is almost dead.
The ice beast hits you.
* * * LOW HITPOINT WARNING * * *
The ice beast freezes you!
* * * LOW HITPOINT WARNING * * *
You closely miss the ice beast.
The ice beast is almost dead.
The ice beast hits you but does no damage.
You hit the ice beast.
The ice beast is almost dead.
The ice beast hits you.
* * * LOW HITPOINT WARNING * * *
The ice beast freezes you!
You die...

### #.....
#.##.# #.##.#
#.##.#######.
#.##.@Y......
#.##.#######.
#.##.#
#.##.#######.
#............
####.########
#.# #.# #.#


You could see an ice beast.

Vanquished Creatures
  2 bullfrogs (D:6)
  2 scorpions (D:6)
  2 hounds (D:6)
  5 iguanas
  An orc wizard (D:3)
  A malarious merfolk avatar (Sewer)
  A sickly merfolk siren (Sewer)
  6 gnolls
  11 adders
  A river rat (Sewer)
  2 dart slugs
  7 orcs
  8 ball pythons
  6 bats
  8 endoplasms
  7 giant cockroaches
  6 goblins
  4 hobgoblins
  8 jackals
  6 kobolds
  9 quokkas
  13 frilled lizards
  31 rats
147 creatures vanquished.

Notes
Turn   | Place    | Note
-------+----------+-------------------------------------------
     0 | D:1      | AdnanSaban the Gargoyle Fighter began the quest for the
                  | Orb.
     0 | D:1      | Reached XP level 1. HP: 14/14 MP: 1/1
   123 | D:1      | Reached XP level 2. HP: 19/19 MP: 2/2
   446 | D:1      | Reached XP level 3. HP: 19/23 MP: 3/3
   981 | D:2      | Found a hide-covered altar of Uskayaw.
  1423 | D:1      | Reached XP level 4. HP: 11/29 MP: 4/4
  2137 | D:3      | Found a transporter.
  2137 | D:3      | Noticed Gargoyl's ghost (amateur GrBe)
  2147 | D:3      | Found a transporter.
  2239 | D:3      | Reached XP level 5. HP: 32/33 MP: 5/5
  2456 | D:3      | Found a broken altar of Ashenzari.
  2951 | D:3      | Found a blossoming altar of Fedhas.
  2951 | D:3      | Found a faded altar of an unknown god.
  2959 | D:3      | Found a radiant altar of Vehumet.
  2961 | D:3      | Found a faded altar of an unknown god.
  2963 | D:3      | Found an opulent altar of Gozag.
  3354 | D:4      | Found a hazy altar of Hepliaklqana.
  3355 | D:4      | Found an iron altar of Okawaru.
  3450 | D:4      | Became a worshipper of Warmaster Okawaru
  3813 | D:5      | Entered Level 5 of the Dungeon
  3835 | D:5      | Found a glowing drain.
  3851 | D:5      | Reached skill level 1 in Dodging
  3859 | Sewer    | Entered a sewer
  3958 | Sewer    | Reached XP level 6. HP: 26/38 MP: 6/6
  4551 | D:5      | Identified the +0 ring mail of Resonance {Rampage rC+
                  | rCorr}
  4942 | D:5      | Found a runed translucent door.
  4943 | D:5      | Noticed Crazy Yiuf
  5202 | D:6      | Reached XP level 7. HP: 35/44 MP: 7/7
  5346 | D:6      | Reached skill level 5 in Maces & Flails
  5450 | D:6      | Reached skill level 5 in Armour
  5488 | D:6      | Reached * piety under Okawaru
  5550 | D:6      | Found a sacrificial altar of Ru.
  5572 | D:6      | Reached skill level 1 in Stealth
  5711 | D:6      | Identified the ring "Luohavol" {rC+ Int-5 Dex+7 SInv}
  5719 | D:6      | Reached skill level 5 in Fighting
  5841 | D:6      | Mangled by an ice beast

Illustrated notes

Levels and vault maps discovered:
D:1:      lightli_arrival_statuegarden, layout_loops_corners,
          serial_park_tiny_2, st_stairs_10, hangedman_decor_growths
D:2:      layout_basic, basic_altar, minmay_misc_feat_chi, minmay_tetromino_o4
D:3:      layout_loops_ring, mainiacjoe_overflow_alcove_1,
          chequers_temple_overflow_minitemple, gammafunk_ghost_stat_death,
          minmay_distorted
D:4:      layout_basic, gammafunk_temple_overflow_statue
D:5:      nicolae_cairo_tiling, layout_rooms, portal_sewer_entry_d,
          uniq_crazy_yiuf_cottage
D:6:      minmay_angry_zag, layout_loops_ring, mainiacjoe_overflow_tiny_flanked,
          ebering_ghost_rock_garden

Skill      XL: |  1  2  3  4  5  6  7 |
---------------+----------------------+-----
Maces & Flails | 3 4 5 |  5.6
Shields        | 4 |  4.7
Fighting       | 4 5 |  5.0
Armour         | 4 5 |  5.3
Dodging        | 1 |  1.6
Stealth        | 1 |  1.1

Action                     |  1- 3 |  4- 6 |  7- 9 || total
---------------------------+-------+-------+-------++-------
  Melee: Flail             |   131 |   379 |   101 ||   611
 Armour: Scale mail        |    78 |   277 |     9 ||   364
         Plate armour      |       |       |    63 ||    63
  Dodge: Dodged            |    67 |   186 |    42 ||   295
  Block: Buckler           |    43 |    95 |    16 ||   154

Table legend: (Time is in decaauts)
 A = Elapsed time spent in this place.
 B = Non-inter-level travel time spent in this place.
 C = Inter-level travel time spent in this place.
 D = Time resting spent in this place.
 E = Time spent auto-exploring this place.
 F = Levels seen in this place.
 G = Mean time per level.
                   A        B        C        D        E       F      G
               +--------+--------+--------+--------+--------+-----+--------+
         Total |   6051 |   5717 |    334 |    119 |   4207 |   7 |  864.4 |
       Dungeon |   5460 |   5126 |    334 |    119 |   3933 |   6 |  910.0 |
         Sewer |    591 |    591 |      0 |      0 |    274 |   1 |  591.0 |
               +--------+--------+--------+--------+--------+-----+--------+

Top non-repeatable levels by time:
     D:1: 1142 daAuts
     D:3: 1008 daAuts
     D:2: 963 daAuts
     D:5: 826 daAuts
     D:4: 785 daAuts
     D:6: 734 daAuts
   Sewer: 591 daAuts
